 Dungeon Crawl Stone Soup version 0.30-a0-451-ge042605de7 (webtiles) character file.

Game seed: 5889994376170306556

23 superbruh the Chiller (level 2, 0/20 HPs)
             Began as a Draconian Ice Elementalist on Dec 9, 2022.
             Succumbed to an adder's poison
             ... on level 2 of the Dungeon on Dec 11, 2022.
             The game lasted 00:25:32 (1247 turns).

superbruh the Chiller (Draconian Ice Elementalist)  Turns: 1247, Time: 00:25:33

Health: 0/20       AC:  4    Str: 10    XL:     2   Next: 75%
Magic:  5/5        EV: 12    Int: 15    God:
Gold:   81         SH:  0    Dex: 11    Spells: 4/5 levels left

rFire   . . .      SeeInvis .    d - +0 spear
rCold   . . .      Faith    .    (no shield)
rNeg    . . .      Spirit   .    (body armour unavailable)
rPois   .          Reflect  .    (helmet restricted)
rElec   .          Harm     .    (no cloak)
rCorr   .          Rampage  .    (no gloves)
Will    .....                    (no boots)
Stlth   ++........               (no amulet)
HPRegen 0.23/turn                (no ring)
MPRegen 0.09/turn                (no ring)

@: lethally poisoned (0 -> -9)
A: AC +4, unfitting armour, cold-blooded
a: no special abilities


You were on level 2 of the Dungeon.
You visited 1 branch of the dungeon, and saw 2 of its levels.

You collected 81 gold pieces.

Inventory:

Hand Weapons
 d - a +0 spear (weapon)
 e - a +0 sling
 f - a +0 dagger
 g - a +0 sling
 i - a +3 dagger
 p - a +0 whip
Missiles
 o - 3 stones (quivered)
Armour
 j - a +0 ring mail
 m - a +2 chain mail of poison resistance
Magical Staves
 k - a staff of poison
Scrolls
 b - a scroll of teleportation {unknown}
 h - a scroll of identify
 l - a scroll of immolation {unknown}
 n - a scroll of noise {unknown}
 r - a scroll of blinking
Potions
 a - a potion of magic
 c - a potion of heal wounds
 q - a potion of lignification {unknown}
 s - a potion of brilliance {unknown}
 t - a potion of flight {unknown}


   Skills:
 + Level 0.2 Fighting
 + Level 2.0 Dodging
 + Level 2.0 Stealth
 - Level 0.1 Unarmed Combat
 * Level 2.3 Spellcasting
 * Level 4.2 Ice Magic


You had 4 spell levels left.
You knew the following spells:

 Your Spells              Type           Power      Damage    Failure   Level
a - Freeze                Ice            56%        1d7       3%          1

Your spell library contained the following spells:

 Spells                   Type           Power      Damage    Failure   Level
 Frozen Ramparts          Ice            28%        1d5       11%         3
 Ozocubu's Armour         Ice            14%        N/A       11%         3
 Summon Ice Beast         Ice/Summ       8%         N/A       65%         4


Dungeon Overview and Level Annotations

Branches:
Dungeon (2/15)

Altars:


Innate Abilities, Weirdness & Mutations

Your plain brown scales are hard. (AC +4)
You cannot fit into any form of body armour.
You are cold-blooded and may be slowed by cold attacks.


Message History

Found a fizzy ruby potion.
q - a fizzy ruby potion
Found a scroll of blinking and a metallic amethyst potion.
r - a scroll of blinking
s - a metallic amethyst potion
Found a viscous black potion.
t - a viscous black potion An adder comes into view.
Found 7 gold pieces.
The adder hisses angrily.
The adder bites you.
You barely miss the adder. The adder bites you.
You are poisoned.
The adder poisons you! The adder bites you but does no damage.
You closely miss the adder.
You feel sick. The adder bites you but does no damage.
You closely miss the adder.
You feel sick. The adder bites you but does no damage.
The adder barely misses you.
You closely miss the adder.
Your tail-slap misses the adder.
You feel sick. The adder barely misses you.
You miss the adder.
You feel sick. The adder closely misses you. x2
You miss the adder.
You feel sick. The adder bites you but does no damage.
You barely miss the adder.
You feel sick.
You are no longer poisoned.
The adder bites you.
You are poisoned.
The adder poisons you!
You hit the adder but do no damage.
Your tail-slap misses the adder.
You feel sick. The adder bites you.
* * * LOW HITPOINT WARNING * * *
The adder bites you but does no damage.
You closely miss the adder.
* * * LOW HITPOINT WARNING * * *
You feel sick. The adder bites you.
* * * LOW HITPOINT WARNING * * *
You are more poisoned.
The adder poisons you!
You hit the adder.
The adder is moderately wounded.
You die...

##.# #.#
##.# #.#
##.# #.#
##.######.
#.#
..........
#.#
##.##.###.
#####.# #.#
.# #.....#
##.# .#
#.##### #..#
.# #@# #.##
.# #S# ...#
.# ..#
...##.# #..#
.>....# #..#
.....## #..#
.....# #..#
...#.# #..#
...#...>....


You could see an adder.

Vanquished Creatures
  A dart slug (D:2)
  2 ball pythons (D:2)
  4 bats
  An endoplasm (D:1)
  A goblin (D:2)
  2 hobgoblins (D:2)
  2 kobolds (D:2)
  2 quokkas
  3 frilled lizards (D:1)
  A rat (D:1)
19 creatures vanquished.

Notes
Turn   | Place    | Note
-------+----------+-------------------------------------------
     0 | D:1      | superbruh the Draconian Ice Elementalist began the quest
                  | for the Orb.
     0 | D:1      | Reached XP level 1. HP: 14/14 MP: 3/3
   674 | D:2      | Reached XP level 2. HP: 20/20 MP: 5/5
   875 | D:2      | Upgraded the game from 0.30-a0-424-g7412bad402 to
                  | 0.30-a0-451-ge042605de7
  1247 | D:2      | Succumbed to an adder's poison

Illustrated notes

Levels and vault maps discovered:
D:1:      dpeg_arrival_simpleton_c, layout_loops_ring,
          corexii_item_surrounded_by_moat
D:2:      minmay_spotlight, layout_loops_ring

Skill      XL: |  1  2 |
---------------+-------+-----
Stealth        | 2 |  2.0
Dodging        | 2 |  2.0
Fighting       | |  0.2
Unarmed Combat | |  0.1
Spellcasting   | |  2.3
Ice Magic      | |  4.2

Action                   || total
-------------------------++-------
Melee: Unarmed           ||    31
       Spear             ||    56
       Tailslap          ||     9
       Punch             ||     1
 Fire: Sling             ||    27
Throw: Stone             ||    12
 Cast: Freeze            ||     2
  Use: Scroll            ||     2
 Stab: Sleeping          ||     1
Armor: Skin              ||    56
Dodge: Dodged            ||    99

Table legend: (Time is in decaauts)
 A = Elapsed time spent in this place.
 B = Non-inter-level travel time spent in this place.
 C = Inter-level travel time spent in this place.
 D = Time resting spent in this place.
 E = Time spent auto-exploring this place.
 F = Levels seen in this place.
 G = Mean time per level.
                   A        B        C        D        E       F      G
               +--------+--------+--------+--------+--------+-----+--------+
         Total |   1266 |   1219 |     47 |      0 |    233 |   2 |  633.0 |
       Dungeon |   1266 |   1219 |     47 |      0 |    233 |   2 |  633.0 |
               +--------+--------+--------+--------+--------+-----+--------+

Top non-repeatable levels by time:
     D:1: 668 daAuts
     D:2: 597 daAuts
